Map: Blackburn LE

Players

Ranger - Winner!

  • Race: Protoss Protoss

StarDuck

  • Race: Protoss Protoss

Event: DreamHack SC2 Masters 2021 Fall

VOD

Have the link to the VOD?

Description

Time

  • Played on: July 28, 2021, 4:45 a.m.
  • Length: 16:37

All games in this series

Show
View Real Time Build Order
Export as new Build Order

Ranger Protoss - Winner!

Build Orders: Oracle Opening 

Get SALT Encoding   

  12  0:00  Probe  
  13  0:12  Probe  
  14  0:20  Pylon  
  14  0:25  Probe  
  15  0:38  Probe (Chrono Boost)  
  16  0:42  Gateway  
  16  0:46  Probe (Chrono Boost)  
  16  0:47  Assimilator  
  17  0:52  Probe  
  18  1:04  Probe  
  18  1:06  Assimilator  
  19  1:17  Probe  
  20  1:29  Cybernetics Core, Probe  
  21  1:35  Zealot  
  21  1:39  Pylon  
  23  1:44  Pylon  
  23  1:50  Pylon  
  23  2:02  Probe  
  23  2:04  Adept (Chrono Boost)  
  26  2:10  Stargate  
  26  2:16  Probe  
  26  2:19  Warp Gate  
  27  2:28  Probe  
  27  2:43  Nexus  
  27  2:48  Adept (Chrono Boost)  
  32  2:58  Oracle  
  33  3:05  Probe (Chrono Boost)  
  30  3:22  Shield Battery, Probe (Chrono Boost)  
  30  3:30  Sentry, Probe  
  33  3:41  Oracle  
  33  3:45  Probe  
  37  3:56  Pylon  
  37  3:58  Probe  
  37  4:02  Probe  
  36  4:10  Probe (Chrono Boost)  
  36  4:12  Twilight Council  
  38  4:20  Probe (Chrono Boost)  
  38  4:22  Probe (Chrono Boost)  
  39  4:29  Probe (Chrono Boost)  
  39  4:30  Probe (Chrono Boost)  
  41  4:36  Gateway  
  41  4:37  Probe  
  42  4:40  Probe  
  43  4:49  Blink (Chrono Boost), Probe  
  43  4:52  Probe  
  45  4:59  Shield Battery  
  45  5:01  Stalker, Probe  
  45  5:04  Probe  
  48  5:13  Probe  
  47  5:16  Probe  
  48  5:25  Probe  
  49  5:28  Probe  
  49  5:35  Nexus  
  50  5:37  Probe  
  49  5:43  Probe  
  48  5:50  Probe  
  48  5:54  Gateway  
  48  5:55  Gateway, Probe  
  50  6:02  Stalker, Probe  
  50  6:03  Stalker  
  53  6:04  Pylon  
  53  6:07  Probe  
  53  6:08  Forge  
  54  6:12  Assimilator  
  54  6:14  Probe  
  54  6:16  Pylon  
  55  6:28  Stalker x2  
  56  6:33  Gateway  
  56  6:37  Gateway  
  56  6:39  Protoss Ground Weapons Level 1 (Chrono Boost)  
  52  6:55  Stalker x4  
  58  7:02  Pylon  
  58  7:12  Dark Shrine  
  58  7:14  Stalker x2  
  60  7:21  Stalker x2  
  64  7:23  Shield Battery, Probe x2  
  64  7:29  Stalker  
  68  7:31  Probe  
  68  7:33  Stalker  
  70  7:37  Stalker  
  70  7:40  Stalker  
  70  7:43  Assimilator, Probe x2  
  77  7:50  Stalker  
  79  7:52  Stalker  
  79  7:54  Stalker  
  82  8:03  Stalker x2  
  85  8:07  Probe x3  
  87  8:19  Probe x2  
  89  8:24  Stalker x2  
  89  8:25  Stalker x2  
  89  8:27  Probe  
  92  8:29  Charge (Chrono Boost)  
  92  8:31  Probe  
  93  8:34  Probe  
  95  8:41  Probe  
  95  8:43  Pylon, Probe  
  95  8:44  Dark Templar  
  95  8:47  Probe  
  99  8:51  Gateway  
  99  8:53  Pylon  
  99  9:04  Protoss Ground Weapons Level 2 (Chrono Boost)  
  99  9:05  Probe  
  99  9:07  Photon Cannon x2  
  99  9:09  Photon Cannon  
  98  9:27  Dark Templar  
  98  9:30  Nexus  
  100  9:34  Zealot x4  
  100  9:38  Gateway  
  108  9:45  Pylon  
  108  9:50  Templar Archives  
  108  9:56  Pylon  
  108  9:58  Pylon  
  108  10:00  Pylon  
  108  10:02  Shield Battery  
  108  10:03  Shield Battery  
  108  10:05  Shield Battery  
  108  10:09  Zealot x4  
  116  10:15  Zealot  
  116  10:16  Zealot  
  120  10:22  Robotics Facility  
  118  10:33  Photon Cannon, Probe x3  
  121  10:36  Pylon  
  121  10:38  High Templar x2  
  121  10:39  High Templar x2  
  121  10:41  Zealot x2  
  133  10:43  Archon x2  
  133  10:47  Zealot  
  135  10:50  Probe x4  
  135  10:53  Pylon  
  135  10:54  Shield Battery  
  139  11:03  High Templar x2  
  142  11:07  Gateway  
  142  11:09  Archon, Zealot  
  142  11:11  Zealot x4  
  152  11:20  Observer (Chrono Boost)  
  153  11:32  Zealot  
  153  11:33  Observer (Chrono Boost), Zealot x4  
  153  11:34  Pylon  
  153  11:36  Pylon  
  153  11:39  Pylon  
  159  11:53  Observer  
  158  11:57  Nexus  
  158  11:58  Probe  
  159  12:09  Photon Cannon  
  159  12:11  Photon Cannon  
  159  12:12  High Templar x2, Zealot x5  
  159  12:13  Shield Battery  
  173  12:16  Archon  
  173  12:21  Pylon  
  173  12:22  Photon Cannon  
  173  12:29  Assimilator  
  173  12:32  Observer  
  173  12:34  Assimilator  
  173  12:35  Robotics Bay  
  173  12:39  Robotics Facility  
  173  12:43  Probe x3  
  173  12:44  Assimilator  
  176  12:47  Protoss Ground Weapons Level 3 (Chrono Boost)  
  176  12:49  Assimilator  
  176  12:55  Probe  
  176  12:57  Sentry  
  179  12:59  Photon Cannon  
  179  13:04  Probe  
  179  13:14  High Templar x2, Zealot  
  179  13:15  Zealot x3  
  179  13:19  Archon  
  191  13:24  Disruptor (Chrono Boost)  
  189  13:28  Pylon  
  189  13:31  Pylon  
  195  13:34  Disruptor (Chrono Boost), Zealot x2  
  198  13:47  Pylon  
  198  13:53  Disruptor  
  192  14:03  Disruptor, Probe  
  192  14:13  Zealot x4  
  176  14:33  Disruptor  
  176  14:38  Nexus  
  171  14:42  Pylon  
  171  14:44  High Templar x4  
  171  14:45  Zealot x4  
  187  14:47  Shadow Stride (Chrono Boost)  
  187  14:51  Gravitic Boosters (Chrono Boost), Archon  
  187  14:52  Archon  
  187  14:53  Gateway  
  187  14:55  Gateway  
  187  14:57  Gateway  
  187  14:59  Gateway  
  185  15:07  Disruptor  
  188  15:15  Disruptor  
  179  15:37  Zealot x7  
  179  15:38  Zealot  
  191  15:43  Disruptor  
  172  16:00  Dark Templar x8  
  188  16:05  Photon Cannon  
  188  16:07  Photon Cannon  
  188  16:10  Photon Cannon  
  191  16:13  Shield Battery  
Show
View Real Time Build Order
Export as new Build Order

StarDuck Protoss 

Build Orders: Phoenix Opening 

Get SALT Encoding   

  12  0:00  Probe  
  13  0:12  Probe  
  14  0:19  Pylon  
  14  0:24  Probe (Chrono Boost)  
  15  0:38  Gateway, Probe (Chrono Boost)  
  16  0:46  Probe (Chrono Boost)  
  16  0:47  Assimilator  
  17  0:53  Probe  
  18  1:00  Assimilator  
  18  1:05  Probe  
  18  1:06  Pylon  
  19  1:17  Probe  
  20  1:26  Zealot  
  20  1:27  Cybernetics Core  
  20  1:31  Probe  
  23  1:45  Probe  
  24  2:01  Nexus  
  24  2:05  Adept (Chrono Boost)  
  25  2:18  Stargate  
  25  2:22  Warp Gate  
  25  2:28  Probe  
  26  2:40  Probe  
  26  2:44  Shield Battery x2  
  27  2:54  Probe  
  28  3:06  Probe  
  29  3:13  Phoenix (Chrono Boost)  
  29  3:16  Shield Battery  
  29  3:18  Probe (Chrono Boost)  
  30  3:22  Stalker  
  30  3:26  Probe (Chrono Boost)  
  33  3:36  Phoenix  
  33  3:38  Probe (Chrono Boost)  
  33  3:41  Probe (Chrono Boost)  
  37  3:50  Probe  
  37  3:53  Probe  
  37  4:08  Phoenix  
  37  4:09  Probe (Chrono Boost)  
  40  4:12  Twilight Council  
  40  4:18  Probe (Chrono Boost)  
  40  4:21  Probe (Chrono Boost)  
  42  4:27  Probe (Chrono Boost)  
  42  4:29  Pylon  
  43  4:32  Probe (Chrono Boost)  
  44  4:38  Phoenix  
  44  4:44  Blink (Chrono Boost)  
  46  4:47  Probe x2  
  48  4:54  Pylon  
  48  5:11  Probe  
  48  5:12  Probe  
  48  5:13  Stalker  
  49  5:28  Probe x2  
  49  5:35  Gateway  
  50  5:38  Gateway  
  49  5:44  Probe x2  
  50  5:56  Probe x2  
  52  5:58  Nexus, Pylon  
  52  6:05  Stalker  
  52  6:08  Probe x2  
  56  6:13  Gateway  
  56  6:20  Probe  
  56  6:21  Pylon  
  55  6:28  Probe  
  55  6:30  Stalker  
  55  6:31  Oracle (Chrono Boost)  
  55  6:32  Probe  
  59  6:34  Robotics Facility  
  62  6:40  Probe  
  62  6:41  Stalker x2  
  65  6:59  Stalker  
  65  7:00  Probe x2  
  69  7:12  Probe x2 (Chrono Boost)  
  69  7:22  Stalker x4  
  75  7:23  Probe (Chrono Boost)  
  75  7:24  Probe x2 (Chrono Boost)  
  78  7:30  Assimilator  
  78  7:32  Probe (Chrono Boost)  
  78  7:33  Probe x2 (Chrono Boost)  
  81  7:45  Stalker  
  81  7:46  Stalker  
  81  7:49  Zealot x2  
  87  7:51  Shield Battery  
  87  7:55  Gateway  
  87  7:56  Shield Battery  
  87  7:57  Charge (Chrono Boost), Probe  
  88  7:59  Gateway  
  88  8:03  Probe  
  89  8:09  Stalker  
  89  8:10  Zealot  
  91  8:21  Zealot x2  
  91  8:24  Pylon  
  91  8:26  Pylon, Probe  
  92  8:27  Pylon  
  92  8:28  Assimilator  
  92  8:29  Pylon  
  92  8:31  Forge  
  92  8:33  Zealot x2  
  93  8:40  Gateway  
  93  8:43  Observer (Chrono Boost), Gateway  
  93  8:45  Stalker x2  
  98  9:04  Observer (Chrono Boost), Stalker  
  98  9:05  Stalker  
  98  9:07  Zealot x2  
  98  9:08  Zealot x2  
  105  9:24  Probe, Immortal (Chrono Boost)  
  105  9:25  Protoss Ground Weapons Level 1 (Chrono Boost), Probe x2  
  105  9:30  Zealot x6  
  124  9:38  Pylon  
  124  9:49  Pylon  
  124  9:57  Pylon  
  124  10:03  Dark Shrine  
  124  10:07  Nexus  
  118  10:22  Stalker  
  118  10:23  Stalker x5  
  129  10:31  Photon Cannon  
  129  10:33  Pylon  
  129  10:40  Probe x3  
  132  10:52  Probe x2  
  132  10:56  Shield Battery  
  134  10:57  Photon Cannon  
  134  10:58  Zealot x3  
  140  11:15  Dark Templar x2, Probe  
  140  11:16  Dark Templar x2  
  145  11:28  Probe x4  
  149  11:40  Probe  
  136  11:52  Zealot x8  
  124  11:56  Probe x2  
  124  11:57  Probe x2  
  126  12:01  Protoss Ground Weapons Level 2 (Chrono Boost)  
  123  12:12  Zealot x2  
  123  12:13  Dark Templar, Zealot  
  123  12:14  Dark Templar x2  
  123  12:15  Dark Templar  
  137  12:16  Zealot  
  137  12:17  Archon  
  137  12:19  Archon  
  139  12:23  Observer (Chrono Boost)  
  139  12:26  Probe x2  
  142  12:31  Gateway  
  142  12:35  Zealot x3  
  142  12:36  Zealot, Warp Prism (Chrono Boost)  
  152  12:47  Pylon  
  152  12:50  Photon Cannon  
  152  12:52  Dark Templar  
  152  12:53  Pylon, Dark Templar, Photon Cannon  
  152  12:57  Archon  
  152  12:58  Dark Templar x2  
  158  13:02  Archon  
  160  13:06  Zealot x4  
  168  13:26  Zealot x7  
  182  13:40  Assimilator  
  180  13:44  Nexus  
  180  13:45  Robotics Facility  
  180  13:46  Robotics Bay  
  178  13:51  Assimilator  
  170  14:15  Pylon  
  170  14:17  Stalker x9  
  170  14:18  Pylon  
  149  14:38  Disruptor  
  141  14:43  Photon Cannon  
  141  14:45  Assimilator, Photon Cannon  
  144  14:46  Zealot x3  
  144  14:47  Assimilator, Stalker x3  
  144  14:49  Assimilator  
  156  14:54  Assimilator  
  156  14:59  Stalker x2  
  160  15:00  Stalker  
  148  15:10  Zealot x5  
  148  15:11  Zealot  
  160  15:18  Disruptor x2  
  141  15:41  Zealot x2  
  141  15:42  Zealot x6  
  147  15:51  Disruptor (Chrono Boost)  
  141  16:01  Disruptor (Chrono Boost)  
  125  16:21  Zealot x4  
  125  16:22  Dark Templar x2, Zealot  

Tags
 
Add a new tag
Caveats
  • Supply blocks, unpowered buildings, or Contaminate may cause inaccurate times.
  • Supply counts are checked every 10 seconds.